 Dungeon Crawl Stone Soup version 0.29.1-15-g9cfb28693d (webtiles) character file.

Game seed: 3018346440293030708

1625 hawla the Ducker (level 8, -1/33 HPs)
             Began as a Felid Conjurer on Apr 9, 2023.
             Was a Follower of Vehumet.
             Slain by Maggie
             ... wielding a +4 morningstar of protection
              (16 damage)
             ... on level 6 of the Dungeon.
             The game lasted 00:22:32 (9540 turns).

hawla the Ducker (Felid Conjurer)                   Turns: 9540, Time: 00:22:33

Health: -1/33      AC:  2    Str:  3    XL:     8   Next: 65%
Magic:  6/14       EV: 24    Int: 21    God:    Vehumet [*.....]
Gold:   295        SH:  0    Dex: 20    Spells: 4/14 levels left
                                        Lives:  0   Deaths: 2

rFire   . . .      SeeInvis +     - Unarmed
rCold   . . .      Faith    .   (shield unavailable)
rNeg    . . .      Spirit   .   (body armour unavailable)
rPois   x          Reflect  .   (helmet unavailable)
rElec   .          Harm     .   (cloak unavailable)
rCorr   .          Rampage  .   (gloves unavailable)
Will    +....                   (boots unavailable)
Stlth   +++.......              (no amulet)
HPRegen 0.11/turn               s - +4 ring of slaying
MPRegen 0.14/turn               (no ring)

@: spider-form, mesmerised, very slightly contaminated
A: venomous fangs, tiny, (claws 1), (fangs 3), see invisible, (speed 1), (shaggy
fur 2), (stealthy paws), no weapons or thrown items, no armour, multi-lived
a: End Transformation, Renounce Religion


You were on level 6 of the Dungeon.
You worshipped Vehumet.
Vehumet was aware of your devotion.
You were a venomous arachnid creature.
You visited 1 branch of the dungeon, and saw 6 of its levels.
You also visited: Ossuary.

You collected 295 gold pieces.

Inventory:

Jewellery
 d - a ring of fire
 s - a +4 ring of slaying (left front leg)
Wands
 i - a wand of paralysis (14)
 m - a wand of flame (3) (quivered)
Scrolls
 g - 9 scrolls of identify
 h - a scroll of fear
 n - 2 scrolls of fog
Potions
 a - a potion of haste {unknown}
 b - 2 potions of heal wounds
 c - a potion of lignification
 e - 3 potions of curing
 f - a potion of brilliance
 j - a potion of ambrosia


   Skills:
 + Level 2.0 Fighting
 + Level 6.5 Dodging
 + Level 4.7 Stealth
 + Level 5.9 Unarmed Combat
 + Level 3.5 Spellcasting
 + Level 5.0 Conjurations
 + Level 5.0 Translocations
 + Level 2.8 Transmutations
 + Level 3.0 Poison Magic
 + Level 3.6 Evocations


You had 4 spell levels left.
You knew the following spells:

 Your Spells              Type           Power      Damage    Failure   Level
a - Magic Dart            Conj           96%        1d7       7%          1
b - Searing Ray           Conj           48%        2d6       9%          2
c - Spider Form           Tmut/Pois      16%        N/A       28%         3
d - Iskenderun's Mystic   Conj/Tloc      24%        2d7       34%         4

Your spell library contained the following spells:

 Spells                   Type           Power      Damage    Failure   Level
 Foxfire                  Conj/Fire      56%        2x1d6     13%         1
 Passwall                 Tmut/Erth      7%         N/A       26%         2
 Dazzling Flash           Conj/Hex       28%        N/A       30%         3
 Ensorcelled Hibernation  Hex/Ice        6%         N/A       38%         2
 Swiftness                Air            3%         N/A       58%         3
 Fulminant Prism          Conj/Hex       7%         3d7       63%         4
 Anguish                  Hex/Necr       1%         N/A       90%         4
 Leda's Liquefaction      Hex/Erth       1%         N/A       90%         4
 Enfeeble                 Hex            1%         N/A       100%        7
 Portal Projectile        Hex/Tloc       Unusable   N/A       N/A         3

Dungeon Overview and Level Annotations

Branches:
Dungeon (6/15)             Temple (0/1) D:6         Ossuary (visited)

Altars:
Dithmenos
Hepliaklqana
Sif Muna
Uskayaw
Vehumet
Xom

Annotations:
D:5 Prince Ribbit
D:6 Maggie


Innate Abilities, Weirdness & Mutations

You are a venomous arachnid creature.
You have poisonous fangs.
You are tiny and dextrous.
Your spellcasting is less reliable in this form.
((You have sharp claws.))
((You have razor-sharp teeth.))
You have supernaturally acute eyesight. (SInv)
((You cover ground quickly. (Speed+)))
((You are covered in thick fur. (AC +2)))
((Your paws help you pounce on unaware monsters.))
You are incapable of wielding weapons or throwing items.
You cannot wear armour.
You gain extra lives every three experience levels.


Message History

You are very lightly contaminated with residual magic.
You feel rather nauseous for a moment.
You are poisoned.
You feel sick.
Maggie gestures wildly while chanting.
Maggie attempts to bespell you!
You are mesmerised by Maggie!
You scratch Maggie.
Maggie is lightly wounded.
You feel sick.
Maggie practices a pose.
Maggie completely misses you.
Casting: Spider Form (quite dangerous; 12% risk of failure)
Confirm with . or Enter, or press ? or * to list all spells.
The spell is extremely dangerous to miscast (16% risk of failure)!
Continue anyway?
Okay, then.
Casting: Iskenderun's Mystic Blast (extremely dangerous; 16% risk of failure)
Confirm with . or Enter, or press ? or * to list all spells.
The spell is quite dangerous to miscast (12% risk of failure)!
Continue anyway?
You turn into a venomous arachnid creature.
You feel sick.
Maggie hits you with a +4 morningstar of protection!
You barely miss Maggie.
Maggie is lightly wounded.
You feel sick. Maggie misses you.
You hit Maggie but do no damage.
Maggie is poisoned.
Maggie is lightly wounded.
You feel sick.
You are no longer poisoned.
Maggie misses you.
You hit Maggie.
Maggie looks as sick as possible!
Maggie is lightly wounded.
Maggie misses you.
You hit Maggie.
Maggie looks as sick as possible!
Maggie is moderately wounded.
Maggie barely misses you.
You hit Maggie.
Maggie looks as sick as possible!
Maggie is heavily wounded.
Maggie hits you with a +4 morningstar of protection!
You die...

,* #.......†...#.###.......##...,
,####.#..#####....########.......
.#..#..............### ########
.........###.........#
*#.............#.###.#
######.####.###.....# *
###.####.# #.###.# *
#.....##.###.# *,* *
#.^...##.##.s#**,* *
#.....##.##.@....# *
#.....##.##.##.#.#
****#.....##....,,...*
,,,*###########.*,*#.# **,*
#.*,**.# **,***** #.,,,,,#
,,,,,,,* ***##*,****
**,***,*****,,,,,,*


You could see Maggie (mesmerising, extremely poisoned).

Vanquished Creatures
  2 water moccasins
  2 ice beasts
  A sky beast (D:6)
  2 ogres
  A bullfrog (D:6)
  A necrophage (D:5)
  12 scorpions
  A howler monkey (D:5)
  A centaur zombie (Ossuary)
  An orc priest (D:6)
  2 hounds (D:5)
  2 iguanas
  Jessica (D:2)
  3 scorpion zombies (Ossuary)
  Natasha (thrice) (D:2)
  4 orc wizards
  3 mummies (Ossuary)
  5 adders
  A gnoll (D:5)
  3 shadow imps
  An ufetubus (D:5)
  A worm (D:3)
  2 dart slugs
  12 orcs
  10 ball pythons
  7 bats
  4 endoplasms
  2 giant cockroaches
  4 gnoll zombies (Ossuary)
  9 goblins
  5 hobgoblins
  4 jackals (D:2)
  5 quokkas
  5 frilled lizards
  2 goblin zombies
  2 hobgoblin zombies (Ossuary)
  6 kobolds
  3 kobold zombies (Ossuary)
  2 orc zombies (Ossuary)
  3 rats
  A rat zombie (D:6)
141 creatures vanquished.

Vanquished Creatures (others)
  4 fungi (D:5)
4 creatures vanquished.

Grand Total: 145 creatures vanquished

Notes
Turn   | Place    | Note
-------+----------+-------------------------------------------
     0 | D:1      | hawla the Felid Conjurer began the quest for the Orb.
     0 | D:1      | Reached XP level 1. HP: 7/7 MP: 4/4
   234 | D:1      | Reached XP level 2. HP: 11/11 MP: 3/6
   335 | D:1      | Learned a level 2 spell: Searing Ray
   749 | D:1      | Reached XP level 3. HP: 5/14 MP: 4/7
  1247 | D:1      | Learned a level 3 spell: Spider Form
  1331 | D:2      | Noticed Natasha
  1338 | D:2      | Killed Natasha
  1339 | D:2      | Reached skill level 1 in Transmutations
  1339 | D:2      | Reached skill level 1 in Poison Magic
  1656 | D:2      | Noticed Natasha
  1667 | D:2      | Killed Natasha
  1668 | D:2      | Reached XP level 4. HP: 10/18 MP: 2/8
  1815 | D:2      | Noticed Natasha
  1830 | D:2      | Killed Natasha
  2386 | D:2      | Noticed Jessica
  2393 | D:2      | Killed Jessica
  2394 | D:2      | Reached XP level 5. HP: 21/21 MP: 4/9
  2649 | D:3      | Found a faded altar of an unknown god.
  3591 | D:3      | Slain by a worm
  3592 | D:3      | Reached XP level 4. HP: 0/18 MP: 8/8
  3685 | D:3      | You fall into a shaft and drop 2 floors!
  3685 | D:5      | Entered Level 5 of the Dungeon
  3850 | D:5      | Reached skill level 1 in Unarmed Combat
  4211 | D:5      | Noticed a shadow
  4212 | D:5      | Found a shadowy altar of Dithmenos.
  4213 | D:5      | Found a hazy altar of Hepliaklqana.
  4234 | D:5      | Noticed an ice beast
  4245 | D:5      | Killed an ice beast
  4246 | D:5      | Reached skill level 3 in Dodging
  4246 | D:5      | Reached XP level 5. HP: 21/21 MP: 1/9
  4330 | D:5      | Gained mutation: You are covered in thick fur. (AC +2)
                  | [Felid growth]
  4330 | D:5      | Reached XP level 6. HP: 24/24 MP: 2/10
  4421 | D:5      | Learned a level 4 spell: Iskenderun's Mystic Blast
  4629 | D:5      | Noticed a water moccasin
  4635 | D:5      | Killed a water moccasin
  4782 | D:5      | Noticed Prince Ribbit
  5094 | D:4      | Got the Secrets of Execration
  6032 | D:4      | Reached XP level 7. HP: 27/27 MP: 8/12
  6240 | D:4      | Reached skill level 4 in Dodging
  6474 | D:5      | Found a radiant altar of Vehumet.
  6481 | D:5      | Became a worshipper of Vehumet
  6813 | D:5      | Found a shimmering altar of Xom.
  6958 | D:5      | Found a shimmering blue altar of Sif Muna.
  7284 | D:6      | Found a hide-covered altar of Uskayaw.
  7403 | D:6      | Found a sand-covered staircase.
  7411 | Ossuary  | Entered an ossuary
  7885 | Ossuary  | Slain by a scorpion
  7886 | Ossuary  | Reached XP level 6. HP: -3/25 MP: 3/11
  7910 | Ossuary  | Reached skill level 1 in Fighting
  7910 | Ossuary  | Reached skill level 1 in Evocations
  7910 | Ossuary  | Reached XP level 7. HP: 28/28 MP: 8/12
  7945 | Ossuary  | Reached skill level 5 in Dodging
  8381 | Ossuary  | Reached * piety under Vehumet
  8381 | Ossuary  | Offered knowledge of Foxfire by Vehumet.
  8482 | Ossuary  | Reached skill level 6 in Dodging
  8482 | Ossuary  | Reached XP level 8. HP: 15/33 MP: 0/13
  8533 | Ossuary  | Reached skill level 5 in Unarmed Combat
  9233 | D:6      | Reached skill level 5 in Conjurations
  9233 | D:6      | Reached skill level 5 in Translocations
  9526 | D:6      | Noticed Maggie
  9540 | D:6      | Slain by Maggie

Illustrated notes

Levels and vault maps discovered:
D:1:      wander_arrival_lonely_grave, layout_basic, minmay_pentomino_z4
D:2:      layout_basic, ebering_dispersal_statue_hall, uniq_jessica,
          uniq_natasha
D:3:      layout_basic, basic_ecumenical_altar, dreamdust_princess_corridor
D:4:      layout_basic
D:5:      layout_basic, tgw_xom, nicolae_overflow_crystal_walls,
          mainiacjoe_overflow_boulevard, riverfiend_overflow_shadow_ancestor,
          uniq_prince_ribbit1
D:6:      layout_loops_cross, eat_drink_and_be_merry_uskayaw, temple_doors_ab,
          enter_ossuary_4, uniq_maggie

Skill      XL: |  1  2  3  4  5  6  7  8 |
---------------+-------------------------+-----
Conjurations   | 4 5 |  5.0
Transmutations | 1 2 |  2.8
Poison Magic   | 1 2 3 |  3.0
Unarmed Combat | 2 4 5 |  5.9
Dodging        | 3 6 |  6.5
Stealth        | 3 4 |  4.7
Translocations | 4 5 |  5.0
Spellcasting   | 3 |  3.5
Fighting       | 1 2 |  2.0
Evocations     | 1 3 |  3.6

Action                   |  1- 3 |  4- 6 |  7- 9 || total
-------------------------+-------+-------+-------++-------
Melee: Unarmed           |    67 |    75 |   112 ||   254
       Bite              |     7 |     5 |    12 ||    24
       Punch             |     2 |       |     1 ||     3
 Cast: Magic Dart        |    17 |    15 |    14 ||    46
       Searing Ray       |     6 |    40 |    23 ||    69
       Spider Form       |     1 |     1 |     6 ||     8
       Iskenderun's Myst |       |     3 |    24 ||    27
Evoke: Wand              |       |     3 |     5 ||     8
  Use: Scroll            |     6 |     2 |     9 ||    17
       Potion            |       |     3 |    12 ||    15
 Stab: Sleeping          |     6 |     4 |     1 ||    11
       Distracted        |       |       |     2 ||     2
Armor: Skin              |     7 |    10 |    18 ||    35
Dodge: Dodged            |    69 |   100 |   171 ||   340
